 Dungeon Crawl Stone Soup version 0.20-a0-751-g905781e (webtiles) character file.

53 M4edhros the Sneak (level 3, -1/23 HPs)
             Began as an Octopode Artificer on Feb 25, 2017.
             Slain by Purgy (8 damage)
             ... on level 4 of the Dungeon.
             The game lasted 00:00:36 (458 turns).

M4edhros the Sneak (Octopode Artificer)              Turns: 458, Time: 00:00:37

Health: -1/23      AC:  1    Str: 11    XL:     3   Next: 87%
Magic:  5/5        EV: 13    Int: 13    God:
Gold:   74         SH:  0    Dex: 13    Spells: 2/2 levels left

rFire    . . .     SeeInvis .   a - +0 short sword
rCold    . . .     Gourm    .   (no shield)
rNeg     . . .     Faith    .   (helmet restricted)
rPois    .         Spirit   .   (no amulet)
rElec    .         Reflect  .   (no ring)
rCorr    .         Harm     .   (no ring)
MR       .....                  (no ring)
Stlth    ++++......             (no ring)
Regen    0.1/turn               (no ring)
MPRegen  0.1/turn               (no ring)
                                (no ring)
                                (no ring)

@: no status effects
A: almost no armour, stealthy swim, amphibious, 8 rings, constrict 8, camouflage
1, gelatinous body 1
a: no special abilities


You were on level 4 of the Dungeon.
You were not hungry.

You visited 1 branch of the dungeon, and saw 4 of its levels.

You collected 74 gold pieces.

Inventory:

Hand Weapons
 a - a +0 short sword (weapon)
Wands
 b - a wand of flame (15/48)
 c - a wand of enslavement (15/24)
 d - a wand of random effects (13/48)
Scrolls
 i - a scroll of enchant armour {unknown}
 k - a scroll of fear {unknown}
 n - a scroll of identify {unknown}
Potions
 e - a potion of flight {unknown}
 h - 2 potions of heal wounds {unknown}
 j - a potion of mutation {unknown}
Comestibles
 f - 3 bread rations
 g - a royal jelly
 l - a meat ration
 m - a chunk of flesh


   Skills:
 - Level 1.0 Fighting
 - Level 1.0 Short Blades
 - Level 2.0 Dodging
 + Level 5.2 Stealth
 - Level 3.2 Evocations


You had 2 spell levels left.
You didn't know any spells.

Dungeon Overview and Level Annotations

Branches:
Dungeon (4/15)
 Temple: D:4-7

Altars:

Annotations:
D:4 Purgy


Innate Abilities, Weirdness & Mutations

You cannot wear most types of armour.
You are very stealthy in the water. (Stealth+)
You are amphibious.
You can wear up to eight rings at the same time.
You can use your tentacles to constrict eight enemies at once.
Your skin changes colour to match your surroundings (Stealth+).
Your rubbery body absorbs attacks. (AC +1, EV +1)


Message History

You hit Purgy.
Purgy is heavily wounded.
You barely miss Purgy. You squeeze Purgy!
Purgy is severely wounded.
You hit Purgy. You squeeze Purgy.
Purgy is severely wounded.
Purgy closely misses you. Purgy misses you. Purgy claws you.
You hit Purgy. Your squeeze misses Purgy.
Purgy is severely wounded.
Purgy looks more healthy.
Purgy laughs crazily.
Purgy screams, "I'll kill you anyway!"
You hit Purgy.
Purgy is severely wounded.
Purgy laughs crazily.
Purgy bites you but does no damage. Purgy claws you. x2
You hit Purgy.
Purgy is almost dead.
Purgy bites you!
You die...

#. #### #.# #.. #.#
#.# #.#.###.#
#.#.....#######.#
###.#.........@T..#
#.........#########
#.#.#...#........
#.#...###########
#.#.#........#
###.#<#.######.#
..รท...#.# #.#
......#.# #.#
......#.# #.#


You could see Purgy (confused).

Vanquished Creatures
  Terence (D:2)
  An adder (D:4)
  A worm (D:3)
  An orc (D:4)
  A ball python (D:1)
  3 bats (D:1)
  A giant cockroach (D:2)
  A goblin (D:1)
  A hobgoblin (D:2)
  2 kobolds
  3 rats (D:2)
16 creatures vanquished.

Notes
Turn   | Place    | Note
-------+----------+-------------------------------------------
     0 | D:1      | M4edhros the Octopode Artificer began the quest for the Orb.
     0 | D:1      | Reached XP level 1. HP: 13/13 MP: 3/3
    37 | D:1      | Reached skill level 2 in Stealth
   118 | D:1      | Reached XP level 2. HP: 18/18 MP: 4/4
   179 | D:2      | Reached skill level 3 in Stealth
   184 | D:2      | Noticed Terence
   191 | D:2      | Killed Terence
   191 | D:2      | Reached skill level 4 in Stealth
   191 | D:2      | Reached XP level 3. HP: 14/23 MP: 5/5
   408 | D:4      | Reached skill level 5 in Stealth
   441 | D:4      | Noticed Purgy
   458 | D:4      | Slain by Purgy

Vault maps used:
D:1:      scummos_arrival_simple_crosswalls
D:2:      uniq_jessica, uniq_terence
D:3:      first_bread, chequers_ecumenical_altar_simple_redux,
          kennysheep_generic_room_8, uniq_sigmund
D:4:      eat_drink_and_be_merry_uskayaw, uniq_purgy

Skill      XL: |  1  2  3 |
---------------+----------+-----
Stealth        | 2 4 5 |  5.2
Fighting       | |  1.0
Short Blades   | |  1.0
Dodging        | |  2.0
Evocations     | |  3.2

Action                   || total
-------------------------++-------
Melee: Short sword       ||    37
       Constrict         ||     6
       Tentacles         ||     5
Evoke: Wand              ||     2
 Stab: Sleeping          ||     8
Armor: Skin              ||     4
Dodge: Dodged            ||    16
